 Dungeon Crawl Stone Soup version 0.30.1-9-gdf580d7c3d (webtiles) character file.

Game seed: 17853160431095689502

3187 H0rd4k the Carver (level 10, -22/76 HPs)
             Began as a Human Artificer on Oct 25, 2023.
             Was an Initiate of Gozag.
             Annihilated by an orc knight
             ... wielding a +0 glaive
              (23 damage)
             ... in a bailey.
             The game lasted 00:13:28 (7706 turns).

H0rd4k the Carver (Human Artificer)                 Turns: 7706, Time: 00:13:29

Health: -22/76     AC: 10    Str: 17    XL:     10   Next: 16%
Magic:  15/15      EV: 14    Int: 19    God:    Gozag
Gold:   398        SH:  0    Dex: 14    Spells: 15/15 levels left

rFire   + . .        w - +4 falchion (holy)
rCold   + . .        (no shield)
rNeg    . . .        z - +0 leather armour {rF+}
rPois   .            t - +2 hat
rElec   .            (no cloak)
rCorr   .            s - +0 pair of gloves "Matwu" {rC+ Will+ Str+4 Int+4}
SInv    .            (no boots)
Will    +....        A - amulet of faith
Stlth   +            b - +4 ring of protection
HPRegen 0.32/turn    (no ring)
MPRegen 0.14/turn

%: faith
@: mighty, gold aura, studying Long Blades
A: no striking features
a: Renounce Religion, Potion Petition, Call Merchant, Bribe Branch


You were in a bailey.
You worshipped Gozag.
Gozag was aware of your devotion.
You visited 2 branches of the dungeon, and saw 8 of its levels.
You also visited: Sewer, Ossuary and Bailey.

You collected 533 gold pieces.
You paid 135 gold pieces to Gozag.

Inventory:

Hand Weapons
 i - a +1 heavy dagger
 w - a +4 falchion of holy wrath (weapon)
 E - the +7 hand axe "Muant" {freeze, rElec rF+ Dex-4}
   (You found it in an ossuary)

   Dex:       It affects your dexterity (-4).
   rF:        It protects you from fire.
   rElec:     It insulates you from electricity.
Armour
 s - the +0 pair of gloves "Matwu" (worn) {rC+ Will+ Str+4 Int+4}
   (You found it on level 3 of the Dungeon)

   Str:       It affects your strength (+4).
   Int:       It affects your intelligence (+4).
   rC:        It protects you from cold.
   Will:      It increases your willpower.
 t - a +2 hat (worn)
 z - a +0 leather armour of fire resistance (worn)
Jewellery
 b - a +4 ring of protection (left hand)
 A - an amulet of faith (around neck)
Scrolls
 g - a scroll of vulnerability
 h - a scroll of fear
 l - 7 scrolls of teleportation
 p - a scroll of immolation
 q - a scroll of brand weapon
 u - a scroll of silence
 x - 5 scrolls of blinking
 C - a scroll of identify
 F - 4 scrolls of magic mapping
 G - a scroll of amnesia
 I - a scroll of summoning
Potions
 a - 3 potions of attraction
 c - 3 potions of haste
 k - a potion of flight
 m - a potion of invisibility {unknown}
 n - a potion of ambrosia {unknown}
 o - a potion of resistance {unknown}
 r - a potion of degeneration {unknown}
 v - a potion of cancellation
 B - a potion of might
 D - 3 potions of curing
 H - a potion of lignification {unknown}


   Skills:
 + Level 5.8 Fighting
 + Level 2.9(7.0) Short Blades
 + Level 9.9(10.1) Long Blades
 - Level 0.2 Maces & Flails
 + Level 0.4 Throwing
 - Level 2.0 Armour
 + Level 6.1 Dodging
 - Level 1.0 Stealth
 * Level 3.3 Spellcasting
 + Level 5.1 Evocations


You had 15 spell levels left.
You didn't know any spells.
Your spell library contained the following spells:

 Spells                   Type           Power      Damage    Failure   Level
 Apportation              Tloc           6%         N/A       17%         1
 Necrotise                Necr           12%        1d4       17%         1
 Summon Small Mammal      Summ           12%        N/A       17%         1
 Ensorcelled Hibernation  Hex/Ice        6%         N/A       26%         2
 Spider Form              Tmut/Pois      3%         N/A       45%         3
 Stone Arrow              Conj/Erth      6%         3d7       45%         3
 Vhi's Electric Charge    Tloc/Air       6%         N/A       45%         3
 Volatile Blastmotes      Fire/Tloc      6%         2d10      45%         3
 Anguish                  Hex/Necr       1%         N/A       86%         4
 Animate Armour           Summ/Erth      6%         N/A       86%         4
 Fulminant Prism          Conj/Hex       1%         3d5       86%         4
 Iskenderun's Mystic Bla  Conj/Tloc      3%         2d3       86%         4
 Arcjolt                  Conj/Air       1%         1d11      99%         5
 Lee's Rapid Deconstruct  Erth           1%         3d4*      99%         5
 Plasma Beam              Fire/Air       1%         2x1d12    100%        6
 Lehudib's Crystal Spear  Conj/Erth      1%         10d2      100%        8


Dungeon Overview and Level Annotations

Branches:
Dungeon (7/15)             Temple (1/1) D:6           Sewer (visited)
Ossuary (visited)          Bailey (1/1)

Altars:
Ashenzari
Dithmenos
Fedhas
Gozag
Kikubaaqudgha
Nemelex Xobeh
Ru
Trog
Vehumet
Wu Jian
Xom
Yredelemnul
The Shining One

Shops:
D:3 [   D:5 [?   D:7 *

Annotations:
D:4 3 runed translucent doors, exclusion: 3 doors, mihai's ghost, amateur KoBr Bailey 2 runed translucent doors


Message History

The orc attacks as you move away! The orc closely misses you.
You feel very mighty all of a sudden. The orc warrior barely misses you.
The orc closely misses you.
The orc knight hits you from afar with a +0 glaive!
You barely miss the orc. The orc warrior misses you.
The orc closely misses you.
The orc knight roars a battlecry!
The orcs go into a battle-frenzy!
You slash the orc!
You kill the orc!
The orc warrior hits you from afar with a +0 halberd.
The orc knight is distracted by your dazzling golden aura.
The orc warrior hits you with a +0 halberd!!
The orc knight shouts!
You slash the orc warrior!
The orc warrior is moderately wounded.
You barely miss the orc warrior.
The orc warrior is moderately wounded.
The orc warrior hits you with a +0 halberd.
You barely miss the orc warrior.
The orc warrior is moderately wounded.
The orc knight is no longer distracted by gold.
The orc warrior barely misses you.
The orc knight hits you from afar with a +0 glaive!!
* * * LOW HITPOINT WARNING * * *
You hit the orc warrior.
The orc warrior is heavily wounded.
The orc warrior closely misses you. The orc knight barely misses you.
You barely miss the orc warrior.
The orc warrior is heavily wounded.
The orc warrior closely misses you. The orc knight barely misses you.
You slash the orc warrior!
The orc warrior is almost dead.
You closely miss the orc warrior.
The orc warrior is almost dead.
The orc warrior hits you with a +0 halberd!
* * * LOW HITPOINT WARNING * * *
The orc knight hits you from afar with a +0 glaive!!
You die...
Your body crumbles into a pile of gold.

###.♣♣.......♣.♣..♣#
♣♣................≈≈#
♣♣......#....#....≈≈≈#
♣..$≈≈≈≈#....#≈≈≈≈≈≈≈#
♣.≈≈≈≈≈≈#....#≈≈≈≈≈≈≈#
#♣♣≈≈≈≈≈≈≈#....#≈≈≈≈≈≈≈#
#≈≈≈≈≈≈≈≈≈#....#≈≈≈≈≈♣♣#
#≈≈≈≈≈≈$..#..).#...♣♣♣
#≈≈≈≈.$..o$@.....♣...
#≈≈≈..(...(.o........
#≈≈..####........####
#♣♣♣♣#$.####''####.$#
#...$$$.....o.o#
##...8$.$.8...##
#..########..# #..# .#
#..# $ $ #


You could see an orc knight and an orc warrior (strong).

Vanquished Creatures
  Edmund (D:5)
  A water moccasin (D:6)
  5 orc warriors (Bailey)
  Pargi (Sewer)
  A black bear (D:5)
  3 ogres
  4 centaurs
  A phantom (D:4)
  A bullfrog (D:5)
  Blork the orc (D:5)
  A scorpion (D:5)
  8 water moccasin zombies (Ossuary)
  A howler monkey (D:6)
  3 orc priests
  5 hounds
  A sleepcap (D:5)
  A gnoll bouda (D:6)
  7 iguanas
  Terence (D:3)
  2 orc wizards
  2 mummies (Ossuary)
  5 gnolls (D:6)
  3 river rats (D:5)
  6 adders
  A white imp (D:7)
  4 adder zombies (Ossuary)
  5 worms
  A dart slug (D:2)
  17 orcs
  5 bats
  3 endoplasms
  3 giant cockroaches
  13 hobgoblins
  3 jackals (D:2)
  A quokka (D:3)
  8 ball pythons
  7 frilled lizards
  4 gnoll zombies (Ossuary)
  15 goblins
  7 hobgoblin zombies (Ossuary)
  8 kobolds
  3 kobold zombies (Ossuary)
  4 orc zombies (Ossuary)
  10 rats
187 creatures vanquished.

Vanquished Creatures (collateral kills)
  2 orc warriors (Bailey)
  3 gnolls (D:6)
  6 orcs
  2 goblins (D:4)
  A hobgoblin (D:3)
  A frilled lizard (D:3)
  A kobold (D:3)
16 creatures vanquished.

Vanquished Creatures (others)
  An orc warrior (Bailey)
  2 orcs
3 creatures vanquished.

Grand Total: 206 creatures vanquished

Notes
Turn   | Place    | Note
-------+----------+-------------------------------------------
     0 | D:1      | H0rd4k the Human Artificer began the quest for the Orb.
     0 | D:1      | Reached XP level 1. HP: 15/15 MP: 1/1
   302 | D:1      | Reached XP level 2. HP: 17/21 MP: 2/2
   432 | D:1      | Found a faded altar of an unknown god.
  1312 | D:2      | Reached XP level 3. HP: 16/26 MP: 3/3
  1984 | D:2      | Reached XP level 4. HP: 30/32 MP: 4/4
  2813 | D:3      | Identified the +0 pair of gloves "Matwu" {rC+ Will+ Str+4
                  | Int+4}
  2836 | D:3      | Noticed Terence
  2886 | D:3      | Killed Terence
  2887 | D:3      | Reached skill level 1 in Short Blades
  2887 | D:3      | Reached XP level 5. HP: 38/38 MP: 5/5
  3222 | D:3      | Found Ehutoz's Antique Armour Boutique.
  3572 | D:4      | Noticed a phantom
  3617 | D:4      | Killed a phantom
  3618 | D:4      | Reached XP level 6. HP: 25/46 MP: 6/6
  3662 | D:4      | Noticed an ogre
  3674 | D:4      | HP: 2/46 [orc wizard/+0 dagger (4)]
  3775 | D:4      | Found a sand-covered staircase.
  3805 | Ossuary  | Entered an ossuary
  3841 | Ossuary  | Reached XP level 7. HP: 46/51 MP: 7/7
  3884 | Ossuary  | Reached skill level 1 in Long Blades
  3968 | Ossuary  | Reached skill level 2 in Long Blades
  3994 | Ossuary  | Reached skill level 5 in Evocations
  3998 | Ossuary  | Reached skill level 3 in Long Blades
  3998 | Ossuary  | Reached XP level 8. HP: 58/58 MP: 8/8
  4088 | Ossuary  | Identified the +7 hand axe "Muant" {freeze, rElec rF+
                  | Dex-4}
  4281 | D:4      | Reached skill level 4 in Long Blades
  4461 | D:4      | Found a runed translucent gate.
  4461 | D:4      | Found a runed translucent gate.
  4461 | D:4      | Found a runed translucent gate.
  4462 | D:4      | Noticed mihai's ghost (amateur KoBr)
  4924 | D:5      | Entered Level 5 of the Dungeon
  5040 | D:5      | Found a glowing drain.
  5080 | Sewer    | Entered a sewer
  5101 | Sewer    | Noticed Pargi
  5107 | Sewer    | Killed Pargi
  5108 | Sewer    | Reached skill level 5 in Long Blades
  5314 | D:5      | Reached XP level 9. HP: 35/66 MP: 9/9
  5445 | D:5      | Reached skill level 6 in Long Blades
  5600 | D:5      | Found Alyfor's Armour Emporium.
  5638 | D:5      | Found Ohukk's Magic Scroll Shoppe.
  5653 | D:5      | Reached skill level 7 in Long Blades
  5653 | D:5      | Reached skill level 5 in Dodging
  5653 | D:5      | Reached skill level 1 in Spellcasting
  5930 | D:5      | Found a sparkling altar of Nemelex Xobeh.
  5948 | D:5      | Noticed Edmund
  5955 | D:5      | Killed Edmund
  5956 | D:5      | Reached skill level 5 in Fighting
  5983 | D:5      | Noticed Blork the orc
  5986 | D:5      | Killed Blork the orc
  6149 | D:6      | Reached skill level 8 in Long Blades
  6226 | D:6      | Found a staircase to the Ecumenical Temple.
  6880 | Temple   | Entered the Ecumenical Temple
  6939 | Temple   | Became a worshipper of Gozag Ym Sagoz the Greedy
  7119 | D:7      | Found Hebic's Lightly-Used Armoury.
  7264 | D:7      | Reached skill level 9 in Long Blades
  7294 | D:7      | Found a flagged portal.
  7331 | Bailey   | Entered a bailey
  7380 | Bailey   | Reached XP level 10. HP: 11/74 MP: 14/14
  7381 | Bailey   | Noticed an orc knight
  7383 | Bailey   | Found a large runed translucent door.
  7383 | Bailey   | Found a large runed translucent door.
  7384 | Bailey   | Noticed a deep elf pyromancer
  7706 | Bailey   | HP: 1/76 [orc warrior/+0 halberd (13)]
  7706 | Bailey   | Annihilated by an orc knight

Illustrated notes

Levels and vault maps discovered:
D:1:      dpeg_arrival_rooms_a, layout_basic,
          shapermc_ecumenical_altar_totnotflames
D:2:      layout_loops_corners, minmay_goblin_kobold_house
D:3:      layout_rooms, serial_shops, nicolae_shop_rolling_square,
          kennysheep_generic_room_12, uniq_terence
D:4:      layout_cave_pools, ebering_ghost_rock_garden,
          nicolae_ossuary_entry_monument, minmay_vboxes
D:5:      layout_loops_cross, nemelex_spade_bored_becter,
          lightli_sewer_entry_pipes, serial_shops, nicolae_diamond_shop, shop,
          minmay_manual_mares, uniq_edmund, uniq_blork_the_orc
D:6:      layout_loops_ring, minmay_temple_entry_mist
D:7:      layout_cave_pools, mainiacjoe_overflow_concentric_impassable,
          enter_bailey_5, glass_columns_a, minmay_shop_damaged,
          dk_rats_in_the_wall
Temple:   mainiacjoe_temple_coin_purse
Bailey:   bailey_polearm_elven_captive_hellmonk, bailey

Skill      XL: |  1  2  3  4  5  6  7  8  9 10 |
---------------+-------------------------------+-----
Evocations     | 4 5 |  5.1
Dodging        | 2 3 4 5 6 |  6.1
Short Blades   | 1 2 |  2.9
Fighting       | 2 3 4 5 |  5.8
Long Blades    | 3 5 9 |  9.9
Spellcasting   | 2 3 |  3.3
Maces & Flails | |  0.2
Throwing       | |  0.4
Armour         | |  2.0
Stealth        | |  1.0

Action                     |  1- 3 |  4- 6 |  7- 9 | 10-12 || total
---------------------------+-------+-------+-------+-------++-------
  Melee: Club              |    82 |       |       |       ||    82
         Dagger            |    97 |   210 |    18 |       ||   325
         Punch             |       |     2 |     6 |       ||     8
         Falchion          |       |    14 |   429 |    28 ||   471
  Throw: Dart              |       |       |       |    24 ||    24
         Throwing net      |       |       |       |     3 ||     3
  Evoke: Wand              |     2 |    30 |     9 |     2 ||    43
    Use: Potion            |       |     6 |       |     5 ||    11
         Scroll            |       |     1 |    14 |     2 ||    17
   Stab: Sleeping          |     6 |       |     2 |       ||     8
 Armour: Leather armour    |    51 |    57 |   194 |     3 ||   305
  Dodge: Dodged            |   109 |   130 |   301 |    35 ||   575
